 Dungeon Crawl Stone Soup version 0.27-a0-1281-ge233d83751 (webtiles) character file.

Game seed: 8202244181991447496

2713 funkygono the Basher (level 9, -3/78 HPs)
             Began as a Minotaur Fighter on June 13, 2021.
             Was a Follower of Ru.
             Slain by a manticore (9 damage)
             ... on level 7 of the Dungeon.
             The game lasted 00:13:00 (6787 turns).

funkygono the Basher (Minotaur Fighter)             Turns: 6787, Time: 00:13:01

Health: -3/78      AC: 15    Str: 29    XL:     9   Next: 39%
Magic:  8/8        EV:  7    Int:  5    God:    Ru [*.....]
Gold:   347        SH: 12    Dex: 11    Spells: 6/8 levels left

rFire    . . .     SeeInvis .   a - +1 flail
rCold    . . .     Faith    .   c - +0 kite shield
rNeg     + . .     Spirit   .   j - +0 plate armour
rPois    .         Reflect  .   g - +1 hat
rElec    .         Harm     .   (no cloak)
rCorr    .         Rampage  .   (no gloves)
Will     .....                  D - +0 pair of boots
Stlth    ..........             (no amulet)
HPRegen  0.23/turn              h - +6 ring of strength
MPRegen  0.11/turn              n - ring of positive energy

@: mighty
A: horns 2, weak-willed 1, retaliatory headbutt
a: Renounce Religion


You were on level 7 of the Dungeon.
You worshipped Ru.
Ru was aware of your devotion.
You visited 1 branch of the dungeon, and saw 7 of its levels.
You also visited: Sewer.

You collected 347 gold pieces.

Inventory:

Hand Weapons
 a - a +1 flail (weapon)
 f - a +0 long sword
 r - a +0 hand crossbow
Armour
 b - a +0 scale mail
 c - a +0 kite shield (worn)
 g - a +1 hat (worn)
 j - a +0 plate armour (worn)
 w - a +1 chain mail of poison resistance
 x - a +0 troll leather armour {Purgy}
 D - a +0 pair of boots (worn)
Jewellery
 h - a +6 ring of strength (left hand)
 m - a ring of ice
 n - a ring of positive energy (right hand)
Wands
 o - a wand of iceblast (9)
 E - a wand of digging (6)
Scrolls
 e - 3 scrolls of fog
 s - a scroll of teleportation
 v - a scroll of amnesia
 C - a scroll of fear
Potions
 i - a potion of heal wounds
 k - 4 potions of mutation
 l - 3 potions of curing
 p - a potion of ambrosia
 q - a potion of lignification {unknown}
 t - 2 potions of flight
 u - a potion of magic {unknown}
 z - a potion of brilliance {unknown}
 A - 2 potions of haste {unknown}
 B - a potion of cancellation {unknown}


   Skills:
 + Level 6.9 Fighting
 + Level 9.6 Maces & Flails
 + Level 7.9 Armour
 + Level 2.1 Dodging
 + Level 0.3 Stealth
 + Level 8.4 Shields
 + Level 0.4 Evocations


You had 6 spell levels left.
You knew the following spells:

 Your Spells              Type           Power      Damage    Failure   Level
a - Freeze                Ice            0%         1d3       100%        1
b - Beastly Appendage     Tmut           0%         N/A       100%        1

Your spell library contained the following spells:

 Spells                   Type           Power      Damage    Failure   Level
 Wereblood                Tmut           0%         N/A       100%        2
 Frozen Ramparts          Ice            0%         1d2       100%        3
 Ozocubu's Armour         Ice            0%         N/A       100%        3
 Spider Form              Tmut/Pois      0%         N/A       100%        3
 Hailstorm                Conj/Ice       0%         3d3       100%        4
 Ice Form                 Ice/Tmut       0%         N/A       100%        4
 Metabolic Englaciation   Hex/Ice        0%         N/A       100%        5


Dungeon Overview and Level Annotations

Branches:
Dungeon (7/15)             Temple (0/1) D:6           Sewer (visited)

Altars:
Ashenzari
Dithmenos
Hepliaklqana
Ru
Sif Muna


Innate Abilities, Weirdness & Mutations

You have a pair of horns on your head.
You are slightly weak-willed. (Will-)
You reflexively headbutt those who attack you in melee.


Message History

The brown ugly thing is almost dead.
You block the brown ugly thing's attack.
You hit the brown ugly thing but do no damage.
You headbutt the brown ugly thing.
You kill the brown ugly thing!
Your shield and plate armour prevent you from hitting the manticore.
You block the manticore's attack.
The manticore claws you but does no damage.
The manticore claws you.
Your shield and plate armour prevent you from hitting the manticore.
The manticore bites you but does no damage.
The manticore closely misses you. The manticore barely misses you.
You barely miss the manticore. The manticore bites you!
* * * LOW HITPOINT WARNING * * *
The manticore claws you!
* * * LOW HITPOINT WARNING * * *
The manticore claws you.
* * * LOW HITPOINT WARNING * * *
You sock the manticore!
The manticore is moderately wounded.
You are no longer corroded.
The manticore bites you but does no damage.
You block the manticore's attack. x2
You feel much better. The manticore bites you!
You block the manticore's attack. x2
You feel very mighty all of a sudden. You block the manticore's attack.
The manticore claws you but does no damage.
The manticore claws you!
* * * LOW HITPOINT WARNING * * *
You hit the manticore.
The manticore is moderately wounded.
The manticore bites you!!
* * * LOW HITPOINT WARNING * * *
You block the manticore's attack.
The manticore claws you but does no damage.
You thump the manticore! Your headbutt misses the manticore.
The manticore is moderately wounded.
The manticore bites you!
You die...

...........#.#
.............#
.............#
.....###...#.#
...........#.#
# ..........#.#
.# #.......#.#♣
.♣
#.....###..♣♣.♣
#..... #..@H#
#..♣♣.♣ ....#♣
.♣ ...#?.# .#
... ##.# # ..
#.# . #.# #.


You could see a manticore.

Vanquished Creatures
  An ugly thing (D:7)
  Grinder (D:3)
  2 water moccasins
  Purgy (Sewer)
  A hornet zombie (D:7)
  An ice beast (D:5)
  3 necrophages
  A phantom (D:6)
  A bullfrog (D:6)
  5 scorpions
  A water moccasin skeleton (D:4)
  3 killer bees (D:6)
  A bullfrog zombie (D:5)
  3 jellies
  An orc priest (D:5)
  A centaur skeleton (D:6)
  3 hounds
  3 iguanas
  Natasha (thrice) (D:4)
  2 orc wizards
  Robin (D:3)
  A howler monkey skeleton (D:6)
  14 adders
  A white imp (D:5)
  An adder skeleton (D:5)
  4 worms
  4 dart slugs
  13 orcs
  10 ball pythons
  6 bats
  6 endoplasms
  7 giant cockroaches
  18 goblins
  15 hobgoblins
  7 jackals (D:1)
  5 quokkas
  5 frilled lizards
  5 kobolds
  A rat (D:3)
  A spectral hobgoblin (D:3)
163 creatures vanquished.

Vanquished Creatures (others)
  A plant (D:5)
1 creature vanquished.

Grand Total: 164 creatures vanquished

Notes
Turn   | Place    | Note
-------+----------+-------------------------------------------
     0 | D:1      | funkygono the Minotaur Fighter began the quest for the Orb.
     0 | D:1      | Reached XP level 1. HP: 19/19 MP: 0/0
    38 | D:1      | Reached XP level 2. HP: 26/27 MP: 1/1
   559 | D:1      | Noticed a great orb of eyes
   561 | D:1      | Found a faded altar of an unknown god.
   572 | D:1      | Reached skill level 3 in Maces & Flails
   576 | D:1      | Reached XP level 3. HP: 29/33 MP: 2/2
   607 | D:1      | Noticed a golden eye
   615 | D:1      | Noticed a golden eye
   615 | D:1      | Noticed a floating eye
   804 | D:2      | Reached skill level 1 in Dodging
   809 | D:2      | Reached XP level 4. HP: 10/40 MP: 3/3
  1596 | D:3      | Found a broken altar of Ashenzari.
  1694 | D:3      | Learned a level 1 spell: Freeze
  1709 | D:3      | Noticed Robin
  1741 | D:3      | Reached XP level 5. HP: 26/46 MP: 4/4
  1903 | D:3      | Noticed Grinder
  1907 | D:3      | Paralysed by Grinder for 7 turns
  1925 | D:3      | Paralysed by Grinder for 7 turns
  1933 | D:3      | Killed Grinder
  1934 | D:3      | Reached skill level 4 in Maces & Flails
  1934 | D:3      | Reached skill level 5 in Armour
  1934 | D:3      | Reached skill level 5 in Shields
  1934 | D:3      | Reached XP level 6. HP: 42/53 MP: 5/5
  2036 | D:3      | Found a hazy altar of Hepliaklqana.
  2103 | D:3      | Reached skill level 5 in Maces & Flails
  2113 | D:3      | Killed Robin
  2626 | D:4      | Found a glowing drain.
  2640 | Sewer    | Entered a sewer
  2725 | Sewer    | Noticed Purgy
  2742 | Sewer    | Killed Purgy
  3027 | D:4      | Reached XP level 7. HP: 58/60 MP: 6/6
  3248 | D:4      | Reached skill level 5 in Fighting
  3362 | D:4      | Noticed Natasha
  3367 | D:4      | Killed Natasha
  3399 | D:4      | Noticed Natasha
  3408 | D:4      | Killed Natasha
  3409 | D:4      | Reached skill level 6 in Maces & Flails
  3428 | D:4      | Noticed Natasha
  3432 | D:4      | Killed Natasha
  4014 | D:5      | Entered Level 5 of the Dungeon
  4118 | D:5      | Reached XP level 8. HP: 46/70 MP: 7/7
  4436 | D:5      | Found a sacrificial altar of Ru.
  4469 | D:5      | Became a worshipper of Ru the Awakened
  4491 | D:5      | Reached skill level 7 in Maces & Flails
  5255 | D:5      | Learned a level 1 spell: Beastly Appendage
  5491 | D:6      | Reached skill level 8 in Maces & Flails
  5580 | D:6      | Found a staircase to the Ecumenical Temple.
  6402 | D:6      | Reached XP level 9. HP: 77/77 MP: 8/8
  6626 | D:7      | Gained mutation: You are slightly weak-willed. (Will-) [Ru
                  | sacrifice]
  6626 | D:7      | Reached * piety under Ru
  6629 | D:7      | Found a shimmering blue altar of Sif Muna.
  6629 | D:7      | Found a shadowy altar of Dithmenos.
  6641 | D:7      | Reached skill level 9 in Maces & Flails
  6766 | D:7      | Noticed a brown ugly thing
  6769 | D:7      | Noticed a manticore
  6779 | D:7      | Killed a brown ugly thing
  6787 | D:7      | Slain by a manticore

Illustrated notes

Levels and vault maps discovered:
D:1:      mrwooster_arrival_arrow, layout_basic,
          hellmonk_ecumenical_altar_watching_god
D:2:      layout_rooms, chequers_mini_garden, minmay_circle_x
D:3:      layout_loops_ring, nicolae_hepliaklqana_monster_ancestors,
          cheibrodos_ashenzari_chains, minmay_misc_feat_iff, uniq_robin,
          uniq_grinder
D:4:      layout_loops_ring, cheibrodos_sewer_entry_sluice,
          hangedman_minor_gate_pass, uniq_natasha
D:5:      layout_basic, overflow_temple_1_default, chequers_big_river
D:6:      layout_basic, minmay_temple_entry_arrows, corexii_hall_statues_l
D:7:      nzn_winding_woodlands_small [nzn_winding_woodlands_5x15_garden,
          nzn_winding_woodlands_center_diamonds,
          nzn_winding_woodlands_5x15_split_checker], layout_basic,
          gammafunk_temple_overflow_statue

Skill      XL: |  1  2  3  4  5  6  7  8  9 |
---------------+----------------------------+-----
Fighting       | 4 5 6 |  6.9
Armour         | 4 5 6 7 |  7.9
Maces & Flails | 3 4 5 6 8 9 |  9.6
Shields        | 4 5 6 7 8 |  8.4
Dodging        | 1 2 |  2.1
Stealth        | |  0.3
Evocations     | |  0.4

Action                   |  1- 3 |  4- 6 |  7- 9 || total
-------------------------+-------+-------+-------++-------
Melee: Flail             |    80 |   202 |   231 ||   513
       Headbutt          |     8 |    26 |    53 ||    87
Invok: Sacrifice Essence |       |       |     1 ||     1
Evoke: Wand              |       |     4 |       ||     4
  Use: Scroll            |     2 |     5 |     8 ||    15
       Potion            |     1 |     1 |     2 ||     4
Armor: Scale mail        |    24 |       |       ||    24
       Plate armour      |    12 |   167 |    88 ||   267
Dodge: Dodged            |    20 |    48 |    53 ||   121
Block: Kite shield       |    55 |   125 |   115 ||   295

Table legend: (Time is in decaauts)
 A = Elapsed time spent in this place.
 B = Non-inter-level travel time spent in this place.
 C = Inter-level travel time spent in this place.
 D = Time resting spent in this place.
 E = Time spent auto-exploring this place.
 F = Levels seen in this place.
 G = Mean time per level.
                   A        B        C        D        E       F      G
               +--------+--------+--------+--------+--------+-----+--------+
         Total |   7004 |   6927 |     77 |      0 |   5434 |   8 |  875.5 |
       Dungeon |   6625 |   6548 |     77 |      0 |   5173 |   7 |  946.4 |
         Sewer |    379 |    379 |      0 |      0 |    261 |   1 |  379.0 |
               +--------+--------+--------+--------+--------+-----+--------+

Top non-repeatable levels by time:
     D:6: 1351 daAuts
     D:5: 1280 daAuts
     D:3: 1170 daAuts
     D:4: 1141 daAuts
     D:1: 816 daAuts
     D:2: 682 daAuts
   Sewer: 379 daAuts
     D:7: 182 daAuts
